 Dungeon Crawl Stone Soup version 0.31-a0-198-g2ad674f65e (webtiles) character file.

Game seed: 9596041937643678084

215 qw the Skirmisher (level 5, -1/30 HPs)
             Began as a Deep Elf Hunter on June 25, 2023.
             Slain by a black bear (2 damage)
             ... on level 4 of the Dungeon.
             The game lasted 00:01:01 (2323 turns).

qw the Skirmisher (Deep Elf Hunter)                 Turns: 2323, Time: 00:01:01

Health: -1/30      AC:  6    Str: 10    XL:     5   Next: 60%
Magic:  7/7        EV: 11    Int: 14    God:
Gold:   149        SH:  0    Dex: 18    Spells: 4/4 levels left

rFire   . . .        Y - +0 shortbow (freeze)
rCold   . . .        (shield currently unavailable)
rNeg    + . .        g - +0 ring mail
rPois   .            c - +0 helmet
rElec   .            (no cloak)
rCorr   +            (no gloves)
SInv    .            (no boots)
Will    .....        b - amulet of faith
Stlth   +            h - ring of resist corrosion
HPRegen 0.25/turn    k - ring of positive energy
MPRegen 0.10/turn

%: faith
@: no status effects
A: no striking features
a: no special abilities


You were on level 4 of the Dungeon.
You visited 1 branch of the dungeon, and saw 4 of its levels.

You collected 149 gold pieces.


   Skills:
 - Level 2.0 Fighting
 + Level 9.0 Ranged Weapons
 - Level 2.4 Dodging
 - Level 1.2 Stealth


You had 4 spell levels left.
You didn't know any spells.
Your spell library was empty.

Inventory:

Hand Weapons
 Y - a +0 shortbow of freezing (weapon)
Armour
 c - a +0 helmet (worn)
 g - a +0 ring mail (worn)
Jewellery
 b - an amulet of faith (around neck)
 h - a ring of resist corrosion (left hand)
 k - a ring of positive energy (right hand)
Scrolls
 a - 3 scrolls of identify
 d - a scroll of noise {unknown}
Potions
 e - a potion of might
 f - a potion of mutation

Dungeon Overview and Level Annotations

Branches:
Dungeon (4/15)
 Temple: D:4-7

Altars:
Hepliaklqana
Makhleb
Uskayaw
Xom

Annotations:
D:3 3 runed translucent doors, qw's ghost, weakling DEHu


Message History

You shoot an arrow.
The arrow hits the black bear but does no damage.
The black bear is lightly wounded.
The black bear closely misses you. x2
The black bear claws you but does no damage.
You shoot an arrow. The arrow barely misses the black bear.
The black bear closely misses you.
The black bear claws you but does no damage.
The black bear barely misses you.
You shoot an arrow.
The arrow hits the black bear but does no damage.
The black bear is lightly wounded.
The black bear bites you.
The black bear claws you but does no damage. x2
You shoot an arrow.
The arrow closely misses the black bear.
The black bear bites you.
The black bear claws you but does no damage.
The black bear closely misses you.
You shoot an arrow. The arrow barely misses the black bear.
The black bear closely misses you. x2; The black bear barely misses you.
The black bear bites you.
The black bear claws you but does no damage.
The black bear barely misses you.
You shoot an arrow.
The arrow closely misses the black bear.
The black bear bites you.
The black bear claws you but does no damage.
The black bear misses you.
You shoot an arrow. The arrow hits the black bear.
The arrow freezes the black bear.
The black bear is moderately wounded.
The black bear bites you.
The black bear claws you but does no damage.
The black bear closely misses you.
You shoot an arrow.
The arrow hits the black bear but does no damage.
The black bear is moderately wounded.
The black bear bites you. The black bear misses you. The black bear claws you.
You die...

.. .# .# #.# .# #.## #
### .# #.. .. ..#
.####.# ###.####.#
##.#.#h......
.........###.# #@#####.#
...%.........####......#
#.#..######...##.#######
#...............##
#%##..#####....##
.####...# #..###
#.###.#.# #..# ...#.##.#
#..# .....##.# #..#


You could see a black bear.

Vanquished Creatures
  3 iron imps (D:3)
  6 adders
  4 worms
  2 orcs (D:2)
  2 bats (D:1)
  4 endoplasms
  6 giant cockroaches
  6 hobgoblins
  4 jackals (D:4)
  7 kobolds
  2 quokkas
  4 ball pythons
  4 frilled lizards
  5 goblins
  8 rats
67 creatures vanquished.

Notes
Turn   | Place    | Note
-------+----------+-------------------------------------------
     0 | D:1      | qw the Deep Elf Hunter began the quest for the Orb.
     0 | D:1      | Reached XP level 1. HP: 12/12 MP: 3/3
     0 | D:1      | 0 ||| qw: Version: 0.3-a-22-g0ed2b0b
     0 | D:1      | 0 ||| qw: Game counter: 5426
     0 | D:1      | 0 ||| qw: Melee chars always use a shield: true
     0 | D:1      | 0 ||| qw: God list: Okawaru
     0 | D:1      | 0 ||| qw: Allow faded altars: false
     0 | D:1      | 0 ||| qw: Do Orc after clearing Dungeon:15 true
     0 | D:1      | 0 ||| qw: Do second Lair branch before Depths: true
     0 | D:1      | 0 ||| qw: Lair rune preference: random
     0 | D:1      | 0 ||| qw: Goals: Normal
     0 | D:1      | 0 ||| PLANNING D:1-11
   196 | D:1      | Reached XP level 2. HP: 16/16 MP: 4/4
   249 | D:1      | Reached skill level 6 in Ranged Weapons
   924 | D:1      | Found a faded altar of an unknown god.
   978 | D:1      | 978 ||| UPGRADING to +0 scale mail.
   988 | D:1      | 988 ||| DROPPING +0 leather armour.
   989 | D:1      | 989 ||| UPGRADING to ring of resist corrosion.
   990 | D:1      | 990 ||| READING 5 scrolls labelled MIYTEO OFUR.
   991 | D:1      | 991 ||| READING scroll labelled YGGUAS MUELITHE.
   992 | D:1      | 992 ||| READING scroll labelled FEINNO WEFE.
   993 | D:1      | 993 ||| READING 4 scrolls of identify.
   993 | D:1      | 993 ||| IDENTIFYING metallic puce potion
   994 | D:1      | 994 ||| READING 3 scrolls of identify.
   994 | D:1      | 994 ||| IDENTIFYING bubbling amethyst potion
   995 | D:1      | 995 ||| READING 2 scrolls of identify.
   995 | D:1      | 995 ||| IDENTIFYING bubbling puce potion
   996 | D:1      | 996 ||| DROPPING scroll of butterflies.
   997 | D:1      | 997 ||| DROPPING potion of degeneration.
  1031 | D:2      | Reached XP level 3. HP: 20/20 MP: 5/5
  1227 | D:2      | Found a shimmering altar of Xom.
  1246 | D:2      | Reached skill level 7 in Ranged Weapons
  1365 | D:2      | Reached XP level 4. HP: 25/25 MP: 6/6
  1462 | D:2      | 1462 ||| UPGRADING to +0 helmet.
  1467 | D:2      | 1467 ||| UPGRADING to +0 ring mail.
  1477 | D:2      | 1477 ||| DROPPING +0 scale mail.
  1478 | D:2      | 1478 ||| READING scroll labelled IPYROH TAYM.
  1479 | D:2      | 1479 ||| READING 4 scrolls of identify.
  1479 | D:2      | 1479 ||| IDENTIFYING viscous emerald potion
  1480 | D:2      | 1480 ||| DROPPING potion of brilliance.
  1523 | D:3      | 1523 ||| STAIRDANCE
  1529 | D:2      | HP: 6/25 [poisoned by an adder]
  1530 | D:2      | 1530 ||| DRINKING potion of heal wounds.
  1617 | D:3      | 1617 ||| STAIRDANCE
  1651 | D:3      | Found a runed translucent gate.
  1652 | D:3      | Found a runed translucent gate.
  1652 | D:3      | Identified the +3 leather armour "Jieqetoh" {-Tele rF+
                  | Dex+2}
  1652 | D:3      | Noticed qw's ghost (weakling DEHu)
  1653 | D:3      | Found a runed translucent gate.
  1829 | D:3      | Found a hazy altar of Hepliaklqana.
  1837 | D:3      | Found a hide-covered altar of Uskayaw.
  1839 | D:3      | Reached skill level 8 in Ranged Weapons
  1955 | D:3      | Found a burning altar of Makhleb.
  1982 | D:3      | Reached XP level 5. HP: 25/29 MP: 7/7
  1987 | D:3      | Reached skill level 9 in Ranged Weapons
  2149 | D:3      | 2149 ||| UPGRADING to amulet of faith.
  2154 | D:3      | 2154 ||| UPGRADING to ring of positive energy.
  2155 | D:3      | 2155 ||| READING scroll labelled QYCZAX XONUH.
  2158 | D:3      | 2158 ||| READING scroll labelled CIODE XOTWOH.
  2159 | D:3      | 2159 ||| READING scroll labelled SUACOXTASTRIG.
  2160 | D:3      | 2160 ||| READING scroll labelled YDIABO TATS.
  2161 | D:3      | 2161 ||| READING 4 scrolls of identify.
  2161 | D:3      | 2161 ||| IDENTIFYING bubbling orange potion
  2309 | D:4      | Noticed a black bear
  2320 | D:4      | HP: 7/30 [black bear (6)]
  2321 | D:4      | HP: 2/30 [black bear (5)]
  2323 | D:4      | Slain by a black bear

Levels and vault maps discovered:
D:1:      eino_arrival_cavern_e, layout_basic,
          hellmonk_ecumenical_altar_leap_of_faith
D:2:      layout_rooms, basic_altar
D:3:      minmay_general_purpose_star, layout_rooms, demons_altar,
          mainiacjoe_overflow_big_doors, biasface_ghost_orc_armoury
D:4:      layout_loops_ring, minmay_temple_entry_slanted,
          kennysheep_flooded_box, minmay_mini_ossuary

Skill      XL: |  1  2  3  4  5 |
---------------+----------------+-----
Ranged Weapons | 6 7 8 9 |  9.0
Fighting       | 2 |  2.0
Dodging        | |  2.4
Stealth        | |  1.2

Action                     |  1- 3 |  4- 6 || total
---------------------------+-------+-------++-------
   Fire: Shortbow          |   119 |   118 ||   237
    Use: Scroll            |     6 |     7 ||    13
         Potion            |       |     1 ||     1
 Armour: Leather armour    |     6 |       ||     6
         Scale mail        |     5 |       ||     5
         Ring mail         |       |    47 ||    47
  Dodge: Dodged            |    17 |    81 ||    98

Table legend:
 A = Non-vault XP
 B = Vault XP
 C = Vault XP percentage of total XP
 D = Non-vault monster count
 E = Vault monster count
 F = Vault count percentage of total count
                 A         B        C        D         E       F
            +---------+---------+-------+---------+---------+-------
      Total |     173 |     135 |  43.8 |      61 |       6 |   9.0
            +---------+---------+-------+---------+---------+-------
        D:1 |      39 |       0 |   0.0 |      26 |       0 |   0.0
        D:2 |      78 |       0 |   0.0 |      19 |       0 |   0.0
        D:3 |      23 |     135 |  85.4 |       5 |       6 |  54.5
        D:4 |      33 |       0 |   0.0 |      11 |       0 |   0.0
            +---------+---------+-------+---------+---------+-------
